 Dungeon Crawl Stone Soup version 0.21.0 (webtiles) character file.

490 Sprouick the Cudgeler (level 7, -4/43 HPs)
             Began as a Gargoyle Monk on Jan 6, 2018.
             Was a Believer of Makhleb.
             Killed from afar by Dowan (15 damage)
             ... with a shard of ice
             ... on level 4 of the Dungeon.
             The game lasted 00:30:36 (3289 turns).

Sprouick the Cudgeler (Gargoyle Monk)               Turns: 3289, Time: 00:30:36

Health: -4/43      AC:  6    Str: 15    XL:     7   Next: 14%
Magic:  7/7        EV: 14    Int: 11    God:    Makhleb [**....]
Gold:   113        SH:  0    Dex: 13    Spells: 6/6 levels left

rFire    . . .     SeeInvis +   a - +0 mace
rCold    . . .     Gourm    .   (no shield)
rNeg     + . .     Faith    .   r - +0 robe
rPois    ∞         Spirit   .   (no helmet)
rElec    +         Reflect  .   (no cloak)
rCorr    .         Harm     .   (no gloves)
MR       .....                  (no boots)
Stlth    +++.......             (no amulet)
HPRegen  0.14/turn              d - ring of stealth
MPRegen  0.10/turn              l - ring of see invisible

@: no status effects
A: negative energy resistance 1, electricity resistance, unbreathing,
petrification resistance, rot immunity, AC +4
a: Minor Destruction, Renounce Religion


You were on level 4 of the Dungeon.
You worshipped Makhleb.
Makhleb was pleased with you.
You were not hungry.

You visited 1 branch of the dungeon, and saw 4 of its levels.

You collected 113 gold pieces.

Inventory:

Hand Weapons
 a - a +0 mace (weapon)
Armour
 b - a +0 robe
 r - a +0 robe (worn)
Jewellery
 d - a ring of stealth (left hand)
 l - a ring of see invisible (right hand)
Wands
 q - a wand of paralysis (9)
Scrolls
 e - a scroll of blinking {unknown}
 h - a scroll of identify
 j - a scroll of immolation {unknown}
 m - a scroll of amnesia {unknown}
 n - a scroll of teleportation {unknown}
 o - a scroll of enchant armour {unknown}
Potions
 f - a potion of cancellation {unknown}
 g - 2 potions of lignification {unknown}
 i - a potion of heal wounds {unknown}
 k - 2 potions of degeneration {unknown}
 p - a potion of might {unknown}
Comestibles
 c - 6 rations


   Skills:
 + Level 4.0 Fighting
 + Level 5.9 Maces & Flails
 * Level 4.5 Dodging
 - Level 2.1 Stealth
 + Level 0.7 Invocations


You had 6 spell levels left.
You didn't know any spells.

Dungeon Overview and Level Annotations

Branches:
Dungeon (4/15)
 Temple: D:4-7

Altars:
Dithmenos
Makhleb
Okawaru

Annotations:
D:4 Dowan


Innate Abilities, Weirdness & Mutations

You are resistant to torment.
Your stone body is resilient. (AC +4)
You are immune to poison.
You resist negative energy. (rN+)
You are resistant to electric shocks. (rElec)
You can survive without breathing.
You are immune to petrification.
You are immune to rotting.


Message History

You see here a scroll labeled WAZODO HUSHRIA.
You barely miss Dowan. Dowan closely misses you.
You barely miss Dowan. Dowan barely misses you. x2
You closely miss Dowan. Dowan hits you but does no damage.
You closely miss Dowan.
Dowan points at you and mumbles some strange words.
The stone arrow hits you!
Dowan points at you and mumbles some strange words.
The stone arrow hits you!
* * * LOW HITPOINT WARNING * * *
You sock Dowan!
Dowan is moderately wounded.
Dowan barely misses you.
Dowan gestures wildly while chanting.
Dowan blinks!
Dowan gestures wildly while chanting.
Dowan blinks!
Dowan gestures at you while chanting. The shard of ice hits you!
You die...

##### #...# #.§.#
#...# #...# #..§#
#..@# #..)# #..e#
..... #[..# .^.....
#...# ####.......
#...#
#...........#...#####
#...........#...'...#
#...........#†..#####


You could see Dowan.

Vanquished Creatures
  Duvessa (D:4)
  Blork the orc (D:4)
  A scorpion (D:4)
  2 crimson imps (D:3)
  A hound (D:2)
  A hound skeleton (D:4)
  Robin (D:2)
  10 adders
  An ooze (D:3)
  7 bats
  2 giant cockroaches (D:2)
  9 goblins
  6 hobgoblins
  5 jackals
  7 kobolds
  2 quokkas
  A ball python (D:2)
  3 frilled lizards
  8 rats
69 creatures vanquished.

Notes
Turn   | Place    | Note
-------+----------+-------------------------------------------
     0 | D:1      | Sprouick the Gargoyle Monk began the quest for the Orb.
     0 | D:1      | Reached XP level 1. HP: 14/14 MP: 1/1
   164 | D:1      | Reached XP level 2. HP: 19/19 MP: 2/2
   696 | D:2      | Reached XP level 3. HP: 21/23 MP: 3/3
   765 | D:2      | Noticed Robin
   778 | D:2      | Killed Robin
   778 | D:2      | Reached skill level 4 in Maces & Flails
   793 | D:2      | Reached XP level 4. HP: 5/28 MP: 4/4
  1497 | D:2      | Found a burning altar of Makhleb.
  1517 | D:2      | Reached XP level 5. HP: 9/32 MP: 5/5
  2010 | D:2      | Became a worshipper of Makhleb the Destroyer
  2010 | D:2      | Reached * piety under Makhleb
  2010 | D:2      | Reached ** piety under Makhleb
  2062 | D:3      | Found an iron altar of Okawaru.
  2180 | D:3      | Reached skill level 5 in Maces & Flails
  2545 | D:3      | Found a shadowy altar of Dithmenos.
  2558 | D:3      | Reached XP level 6. HP: 31/37 MP: 6/6
  2986 | D:4      | Noticed Blork the orc
  3009 | D:4      | Killed Blork the orc
  3265 | D:4      | Noticed Duvessa
  3267 | D:4      | Noticed Dowan
  3280 | D:4      | Killed Duvessa
  3280 | D:4      | Reached XP level 7. HP: 26/43 MP: 7/7
  3289 | D:4      | Killed from afar by Dowan

Skill      XL: |  1  2  3  4  5  6 |
---------------+-------------------+-----
Dodging        | 3 4 |  4.5
Maces & Flails | 4 5 |  5.9
Fighting       | 4 |  4.0
Stealth        | |  2.1
Invocations    | |  0.7

Action                   |  1- 3 |  4- 6 |  7- 9 || total
-------------------------+-------+-------+-------++-------
Melee: Mace              |    81 |   237 |     5 ||   323
Invok: Minor Destruction |       |     6 |       ||     6
  Use: Scroll            |     2 |     2 |       ||     4
 Stab: Sleeping          |     6 |    10 |       ||    16
  Eat: Chunk             |       |     8 |       ||     8
Armor: Robe              |    35 |    81 |     1 ||   117
Dodge: Dodged            |    69 |   179 |     6 ||   254
